AoeStats
← Don Juan el Valiente

Arena

505997472Analyzed
4v4 RM · 21d ago on Sep 12, 2026· 37m 6s· 8 players
Game mode
Random Map
Map size
Large (8 player)
Population
200
Speed
Normal
Resources
Standard
Victory
Conquest
Starting age
Dark Age
Ending age
Imperial Age
RankedLock teamsTeams togetherTeam positionsShared explorationLock speedFull tech treeHidden civsTurbo modeCheats
Victory
Defeat
🇺🇸 Burgundians · United States
1035
+16
🇨🇱 Burmese · Chile
1032
+16
🇧🇷 Turks · Brazil
1028
+16
🇪🇸 Poles · Spain
1023
+16
🇬🇧 Saracens · United Kingdom
1081
-19
🇺🇸 Italians · United States
1065
-18
🇲🇽 Goths · Mexico
993
-14
🇳🇿 Bohemians · New Zealand
968
-13
Don Juan el Valiente
6:39 Double-Bit Axe
9:02 Horse Collar
10:46 Wheelbarrow
12:29 Feudal Age
10:44 Loom
11:09 Gold Mining
14:01 Bow Saw
14:07 Heavy Plow
18:28 Castle Age
18:15 Gold Shaft Mining
20:31 Two-Man Saw
20:13 Cavalier
20:54 Husbandry
22:31 Crop Rotation
26:04 Hand Cart
26:52 Forging
26:48 Scale Barding Armor
31:35 Light Cavalry
32:14 Elite Skirmisher
35:42 Imperial Age
36:16 Burgundian Vineyards
36:52 Conscription
35:54 Elite Coustillier
36:06 Paladin
36:45 Hussar
38:06 Iron Casting
tts.engamb
10:59 Feudal Age
15:44 Castle Age
13:32 Horse Collar
13:40 Double-Bit Axe
14:14 Stone Mining
15:38 Gold Mining
19:55 Loom
29:00 Imperial Age
27:15 Forging
27:44 Gold Shaft Mining
27:19 Heavy Plow
27:38 Bow Saw
28:27 Wheelbarrow
29:37 Forging
29:18 Fletching
29:34 Scale Barding Armor
30:17 Hand Cart
32:15 Town Watch
33:52 Town Patrol
34:33 Iron Casting
33:53 Bodkin Arrow
34:19 Chain Barding Armor
34:42 Bloodlines
34:32 Husbandry
36:23 Blast Furnace
36:25 Bracer
|GaoeG| Ratarax
12:01 Feudal Age
15:49 Castle Age
13:46 Horse Collar
14:31 Loom
14:35 Double-Bit Axe
17:24 Bow Saw
17:18 Heavy Plow
17:58 Wheelbarrow
24:44 Fletching
27:55 Imperial Age
25:37 Stone Mining
25:59 Gold Mining
27:01 Scale Barding Armor
27:07 Forging
26:54 Bodkin Arrow
26:59 Padded Archer Armor
27:41 Hand Cart
28:31 Stone Shaft Mining
29:51 Bracer
30:06 Leather Archer Armor
32:30 Chain Barding Armor
32:45 Iron Casting
31:45 Elite Skirmisher
34:26 Chemistry
35:00 Szlachta Privileges
34:19 Cavalier
35:00 Husbandry
35:10 Bloodlines
36:07 Blast Furnace
35:41 Elite Obuch
36:37 Scale Mail Armor
Komposita
11:22 Feudal Age
11:40 Loom
13:14 Horse Collar
13:52 Town Watch
16:30 Castle Age
18:03 Pikeman
18:43 Squires
18:30 Arson
23:37 Heavy Plow
27:33 Fletching
27:45 Scale Mail Armor
27:55 Forging
30:22 Chain Mail Armor
30:03 Bodkin Arrow
35:17 Imperial Age
33:23 Wheelbarrow
32:48 Town Patrol
32:50 Gold Mining
32:53 Stone Mining
34:49 Gold Shaft Mining
34:43 Hand Cart
35:34 Ballistics
35:41 Heavy Scorpion
36:42 Siege Engineers
37:40 Chemistry
36:31 Halberdier
38:16 Crop Rotation
david.icoma
0:33 Loom
11:22 Feudal Age
13:31 Wheelbarrow
12:43 Double-Bit Axe
17:56 Castle Age
16:44 Stone Mining
17:10 Horse Collar
18:57 Bow Saw
32:13 Imperial Age
30:34 Scale Mail Armor
30:45 Forging
SubjectHook712
5:42 Loom
14:38 Feudal Age
16:12 Wheelbarrow
18:51 Castle Age
18:05 Double-Bit Axe
20:32 Hand Cart
23:47 Fortified Wall
25:28 Horse Collar
26:08 Bow Saw
28:52 Padded Archer Armor
28:43 Fletching
32:03 Imperial Age
30:13 Leather Archer Armor
31:27 Hand Cart
Cook
11:09 Feudal Age
15:30 Castle Age
14:02 Double-Bit Axe
14:14 Horse Collar
14:53 Stone Mining
16:24 Loom
20:51 Bow Saw
20:33 Fletching
32:30 Imperial Age
30:11 Padded Archer Armor
30:35 Ballistics
30:26 Heavy Plow
31:07 Bloodlines
32:17 Wheelbarrow
31:29 Town Watch
32:20 Forging
32:16 Scale Barding Armor
33:09 Masonry
32:39 Treadmill Crane
33:17 Husbandry
33:07 Heavy Camel Rider
34:33 Hand Cart
34:54 Conscription
34:29 Gold Mining
34:46 Town Patrol
35:11 Bodkin Arrow
35:53 Iron Casting
36:40 Chain Barding Armor
37:08 Bracer
[OTM]thebearjew
5:05 Loom
10:01 Feudal Age
13:08 Wheelbarrow
17:07 Castle Age
16:13 Double-Bit Axe
16:11 Horse Collar
18:35 Heavy Plow
18:47 Bow Saw
28:32 Imperial Age
26:32 Pikeman
27:13 Squires
27:15 Scale Mail Armor
27:26 Forging
27:14 Fletching
29:53 Chemistry
30:39 Halberdier
31:38 Chain Mail Armor
31:59 Iron Casting
32:53 Hand Cart
Connection lost

Rejoining the realm…

Still unreachable

The connection could not be restored.

Session expired

The server has moved on; the page needs a fresh start.